 Dungeon Crawl Stone Soup version 0.30-a0-726-gd89dcf765f (webtiles) character file.

Game seed: 8248890722477900702

104959 Foxy the Unseen (level 16, -6/103 HPs)
             Began as a Kobold Enchanter on Jan 29, 2023.
             Was the Champion of Dithmenos.
             Mangled by a bunyip (shapeshifter) (30 damage)
             ... on level 15 of the Dungeon.
             The game lasted 00:47:05 (23673 turns).

Foxy the Unseen (Kobold Enchanter)                 Turns: 23673, Time: 00:47:05

Health: -6/103     AC: 10    Str: 10    XL:     16   Next: 94%
Magic:  23/23      EV: 27    Int: 15    God:    Dithmenos [******]
Gold:   1673       SH:  9    Dex: 24    Spells: 20/25 levels left

rFire   + + +      SeeInvis .    L - +6 quick blade (vamp)
rCold   + + +      Faith    .    y - +1 buckler "Dimucli" {rPois rN+}
rNeg    + . .      Spirit   .    w - +2 leather armour {rF+}
rPois   +          Reflect  .    s - +0 helmet
rElec   .          Harm     .    S - +0 cloak {rCorr}
rCorr   +          Rampage  .    C - +1 pair of gloves
Will    +....                    U - +0 pair of boots Stlth ****++++++
                                 N - amulet of regeneration
HPRegen 1.17/turn                j - ring "Wuluatick" {rF+ rC+++ Int-3 Dex+3}
MPRegen 0.18/turn                T - ring of Typiukul {rF+ Str+4 Slay+4}

@: wreathed by umbra
A: small, no large weapons, nightstalker 3
a: Renounce Religion, Shadow Step, Shadow Form


You were on level 15 of the Dungeon.
You worshipped Dithmenos.
Dithmenos was exalted by your worship.
You visited 3 branches of the dungeon, and saw 21 of its levels.
You also visited: Bailey and Gauntlet.

You collected 1673 gold pieces.

Inventory:

Hand Weapons
 L - a +6 vampiric quick blade (weapon)
Missiles
 z - 5 curare-tipped darts (quivered)
 M - 4 throwing nets
Armour
 s - a +0 helmet (worn)
 w - a +2 leather armour of fire resistance (worn)
 y - the +1 buckler "Dimucli" (worn) {rPois rN+}
   (You acquired it on level 10 of the Dungeon)

   rPois:     It protects you from poison.
   rN:        It protects you from negative energy.
 C - a +1 pair of gloves (worn)
 I - a +2 ring mail of willpower
 S - a +0 cloak of preservation (worn)
 U - a +0 pair of boots (worn)
Jewellery
 j - the ring "Wuluatick" (left hand) {rF+ rC+++ Int-3 Dex+3}
   (You found it in a Gauntlet)

   [ring of protection from fire]

   Int:       It affects your intelligence (-3).
   Dex:       It affects your dexterity (+3).
   rF:        It protects you from fire.
   rC:        It renders you almost immune to cold.
 N - an amulet of regeneration (around neck)
 T - the ring of Typiukul (right hand) {rF+ Str+4 Slay+4}
   (You acquired it on level 9 of the Dungeon)

   [ring of slaying]

   Str:       It affects your strength (+4).
   Slay:      It affects your accuracy & damage with ranged weapons and melee
   (+4).
   rF:        It protects you from fire.
Wands
 v - a wand of flame (72)
 A - a wand of polymorph (6)
 R - a wand of light (3)
 V - a wand of mindburst (7)
Scrolls
 a - 7 scrolls of enchant armour
 b - 9 scrolls of vulnerability
 d - 4 scrolls of magic mapping
 e - 3 scrolls of amnesia
 g - a scroll of brand weapon
 h - 4 scrolls of immolation
 n - 11 scrolls of teleportation
 q - 7 scrolls of poison
 t - 4 scrolls of blinking
 B - 2 scrolls of torment
 D - 6 scrolls of fear
 H - 7 scrolls of fog
 P - 4 scrolls of butterflies {unknown}
 Y - 2 scrolls of silence
Potions
 c - 3 potions of invisibility
 f - 5 potions of attraction
 i - 4 potions of might
 k - 13 potions of curing
 l - 4 potions of haste
 m - 5 potions of brilliance
 p - 2 potions of heal wounds
 r - 3 potions of flight
 u - 3 potions of ambrosia
 F - 6 potions of mutation
 G - 2 potions of cancellation
 J - 2 potions of magic
 O - 5 potions of lignification
Miscellaneous
 o - a box of beasts


   Skills:
 + Level 12.7 Fighting
 - Level 10.0 Short Blades
 - Level 2.0 Armour
 + Level 15.0 Dodging
 - Level 15.0 Stealth
 - Level 9.2 Shields
 - Level 5.0 Spellcasting
 - Level 12.5 Hexes
 - Level 10.0 Invocations


You had 20 spell levels left.
You knew the following spells:

 Your Spells              Type           Power      Damage    Failure   Level
a - Ensorcelled Hibernat  Hex/Ice        44%        N/A       3%          2
b - Confusing Touch       Hex            41%        N/A       1%          3

Your spell library contained the following spells:

 Spells                   Type           Power      Damage    Failure   Level
 Tukima's Dance           Hex            41%        N/A       1%          3
 Cause Fear               Hex            20%        N/A       1%          4
 Dazzling Flash           Conj/Hex       44%        N/A       7%          3
 Summon Guardian Golem    Hex/Summ       22%        N/A       7%          3
 Magic Dart               Conj           12%        1d3       28%         1
 Shock                    Conj/Air       12%        1d3       28%         1
 Summon Small Mammal      Summ           12%        N/A       28%         1
 Blink                    Tloc           6%         N/A       41%         2
 Call Imp                 Summ           3%         N/A       41%         2
 Cigotuvi's Dreadful Rot  Necr/Pois/Air  6%         N/A       41%         2
 Lesser Beckoning         Tloc           6%         N/A       41%         2
 Momentum Strike          Conj/Tloc      6%         3d8       41%         2
 Scorch                   Fire           6%         2d5       41%         2
 Sublimation of Blood     Necr           3%         N/A       41%         2
 Wereblood                Tmut           3%         N/A       41%         2
 Call Canine Familiar     Summ           3%         N/A       65%         3
 Kindle Blastsparks       Fire/Tloc/Air  6%         2d10      65%         3
 Mephitic Cloud           Conj/Pois/Air  3%         N/A       65%         3
 Stone Arrow              Conj/Erth      6%         3d7       65%         3
 Swiftness                Air            3%         N/A       65%         3
 Airstrike                Air            1%         2d(1-17)  96%         4
 Animate Armour           Summ/Erth      6%         N/A       96%         4
 Flame Wave               Conj/Fire      3%         2d5       96%         4
 Manifold Assault         Tloc           3%         N/A       96%         4
 Dispersal                Tloc           1%         N/A       100%        6
 Summon Cactus Giant      Summ           1%         N/A       100%        6
 Dragon Form              Tmut           1%         N/A       100%        7
 Summon Hydra             Summ           1%         N/A       100%        7
 Disjunction              Tloc           1%         N/A       100%        8
 Lehudib's Crystal Spear  Conj/Erth      1%         10d2      100%        8
 Dragon's Call            Summ           1%         N/A       100%        9


Dungeon Overview and Level Annotations

Branches:
Dungeon (15/15)            Temple (1/1) D:4            Lair (5/5) D:9
  Swamp (0/4) Lair:2        Snake (0/4) Lair:3        Slime (0/5) Lair:4
    Orc (0/2) D:11         Vaults (0/5) D:13         Depths (0/4) D:15
 Bailey (visited)         Gauntlet (visited)

Altars:
Ashenzari
Cheibriados
Dithmenos
Elyvilon
Fedhas
Gozag
Hepliaklqana
Kikubaaqudgha
Makhleb
Nemelex Xobeh
Okawaru
Qazlal
Ru
Sif Muna
Trog
Uskayaw
Vehumet
Wu Jian
Xom
Yredelemnul
Zin
The Shining One
Jiyva

Shops:
D:4 (   D:9 *

Portals:
Trove: D:14 (give 6 scrolls of blinking)

Annotations:
D:2 1 exclusion
D:11 6 transporters
D:12 2 transporters, zeratav's ghost, journeyman DjCj
Lair:1 1 runed translucent door


Innate Abilities, Weirdness & Mutations

You are small and have problems with some larger weapons.
You are completely attuned to the shadows.


Message History

A yaktaur comes into view.
A yaktaur comes into view.
You strike the helpless broodmother from behind!
You skewer the broodmother like a kebab!!!
The broodmother is moderately wounded.
Your shadow hits the broodmother but does no damage.
The yaktaur shouts! x2; You hear a shout!
The broodmother bites you!
You emit a cloud of dark smoke.
The yaktaur wields a +0 arbalest.
The yaktaur shoots a bolt.
You block the bolt. The broodmother bites you!!
You emit a cloud of dark smoke.
The broodmother attacks as you move away!
You block the broodmother's attack.
The broodmother changes into a bunyip!
There is a fountain of clear blue water here.
The bunyip claws you but does no damage.
The bunyip closely misses you. The bunyip claws you!!
There is a fountain of clear blue water here.
You puncture the bunyip!
The bunyip is lightly wounded.
Your shadow hits the bunyip but does no damage.
You hit the bunyip.
The bunyip is lightly wounded.
You puncture the bunyip!
You feel better.
The bunyip is moderately wounded.
Your shadow completely misses the bunyip.
You hit the bunyip.
You feel better.
The bunyip is moderately wounded.
Your shadow hits the bunyip with a quick blade.
You hit the bunyip.
The bunyip is moderately wounded.
Your shadow barely misses the bunyip.
A yaktaur comes into view.
You puncture the bunyip!
The bunyip is heavily wounded.
You hit the bunyip but do no damage.
The bunyip is heavily wounded.
Your shadow completely misses the bunyip.
The bunyip claws you! x2
* * * LOW HITPOINT WARNING * * *
The bunyip claws you!!
You die...

.....# #......# #..##....
####.# #......# #..###...
.....##### #......# #..#
###. ######...# #......#
#..# # # #...# #####......#
#..# # #.).# #....§§§§.(#
#..# # ##...# #.###§c§§..#
#..# #
#...####.####xc§.c###..# #
#.##⌠...⌠.§§@#§§.......# ##
#..#).##.##§§#§§..###.##
.####..#)#.#.#§#§###......#
.......#)##...##.##...#####
#.[###..⌠...⌠...⌠...#.#
#..# #.#.##...##.#.##.#
#..#####.#.#.#.#.#.##.##
#....#.#..##.##..#.....#
#.##...#⌠...⌠...⌠#.##..#


You could see a bunyip shaped shifter and 2 yaktaurs.

Vanquished Creatures
  Kirke (Lair:4)
  An orc warlord (Bailey)
  A quicksilver ooze (Lair:4)
  A stone giant (D:15)
  Nessos (Lair:4)
  A minotaur (Gauntlet)
  Snorg (D:11)
  A fire dragon (Lair:5)
  4 hydras
  An ogre mage (D:15)
  A catoblepas (Lair:2)
  Erica (D:11)
  2 dancing weapons (D:13)
  3 boulder beetles
  3 centaur warriors
  6 two-headed ogres
  2 tengu warriors (D:15)
  Sonja (Lair:4)
  10 skeletal warriors
  A swamp dragon (Lair:5)
  2 lindwurms (Lair:3)
  3 deep elf pyromancers
  4 wolf spiders
  5 cyclopes
  3 ugly things
  4 manticores
  13 elephants
  5 black mambas
  A smoke demon (Gauntlet)
  Joseph (D:8)
  11 cane toads
  An unseen horror (D:10)
  A kobold demonologist (D:13)
  10 komodo dragons
  5 yaktaurs
  Psyche (D:9)
  2 freezing wraiths (D:13)
  4 rime drakes
  An efreet (D:15)
  3 hornets
  3 trolls
  A tyrant leech (Lair:2)
  A hellwing (Gauntlet)
  10 polar bears (Lair:5)
  A raiju (Lair:5)
  7 dream sheep (Lair:4)
  18 blink frogs
  A shadow (D:10)
  A spriggan (shapeshifter) (D:14)
  5 wraiths
  5 slime creatures
  Sigmund (D:2)
  52 yaks
  3 wyverns
  2 hogs (Lair:4)
  5 basilisks
  Eustachio (D:6)
  A golden eye (Gauntlet)
  7 vampire mosquitoes
  Grum (D:10)
  A steam dragon (Lair:5)
  6 wargs (Lair:5)
  Menkaure (D:7)
  Edmund (D:4)
  2 swamp worms (Lair:2)
  A harpy simulacrum (D:14)
  2 nagas (Lair:3)
  14 hell hounds (Lair:5)
  6 acid dragons
  10 orc warriors
  14 water moccasins
  A floating eye (Gauntlet)
  3 sky beasts (D:7)
  14 black bears
  An ice beast (D:7)
  25 wolves
  8 ogres
  5 centaurs
  2 gnoll sergeants
  3 kobold brigands
  13 bullfrogs
  6 scorpions
  6 killer bees
  2 howler monkeys (D:9)
  2 electric eels
  3 crimson imps (Gauntlet)
  6 hounds
  5 gnoll boudas
  6 jellies
  8 orc priests
  9 iguanas
  Terence (D:3)
  3 orc wizards
  Robin (D:2)
  37 gnolls
  7 adders
  2 shadow imps (D:6)
  2 white imps (D:6)
  2 worms (D:4)
  3 dart slugs
  28 orcs
  10 ball pythons
  10 endoplasms
  3 giant cockroaches
  11 hobgoblins
  3 jackals (D:1)
  A quokka (D:5)
  9 bats
  4 frilled lizards
  23 goblins
  24 kobolds
  5 rats
624 creatures vanquished.

Vanquished Creatures (others)
  A human (Lair:4)
  14 demonic plants (Gauntlet)
  17 fungi
  72 plants
104 creatures vanquished.

Grand Total: 728 creatures vanquished

Notes
Turn   | Place    | Note
-------+----------+-------------------------------------------
     0 | D:1      | Foxy the Kobold Enchanter began the quest for the Orb.
     0 | D:1      | Reached XP level 1. HP: 10/10 MP: 3/3
   141 | D:1      | Reached XP level 2. HP: 15/15 MP: 5/5
   251 | D:1      | Learned a level 2 spell: Ensorcelled Hibernation
   293 | D:1      | Reached XP level 3. HP: 14/20 MP: 6/6
   857 | D:1      | Reached skill level 1 in Fighting
   900 | D:2      | Learned a level 3 spell: Confusing Touch
  1069 | D:2      | Reached XP level 4. HP: 25/25 MP: 7/7
  1282 | D:2      | Noticed Sigmund
  1286 | D:2      | Killed Sigmund
  1287 | D:2      | Reached skill level 5 in Stealth
  1287 | D:2      | Reached XP level 5. HP: 30/30 MP: 8/8
  1287 | D:2      | Reached XP level 6. HP: 35/35 MP: 9/9
  1812 | D:3      | Noticed Robin
  1938 | D:2      | Killed Robin
  2521 | D:3      | Noticed Terence
  2525 | D:3      | Killed Terence
  2526 | D:3      | Reached XP level 7. HP: 40/40 MP: 5/10
  3135 | D:4      | Found a glowing golden altar of the Shining One.
  3201 | D:4      | Found a bloodstained altar of Trog.
  3228 | D:4      | Found a staircase to the Ecumenical Temple.
  3234 | Temple   | Entered the Ecumenical Temple
  3237 | Temple   | Found a transporter.
  3237 | Temple   | Found a transporter.
  3239 | Temple   | Found a transporter.
  3239 | Temple   | Found a transporter.
  3352 | D:4      | Noticed Edmund
  3411 | D:4      | Found Renitiy's Weapon Shoppe.
  3507 | D:4      | Reached skill level 5 in Short Blades
  3591 | D:4      | Killed Edmund
  3592 | D:4      | Reached skill level 5 in Hexes
  3727 | D:4      | Reached XP level 8. HP: 46/46 MP: 11/11
  4351 | D:5      | Entered Level 5 of the Dungeon
  5253 | D:5      | Reached skill level 5 in Dodging
  5515 | D:6      | Reached XP level 9. HP: 38/52 MP: 12/12
  5527 | D:6      | Found a blossoming altar of Fedhas.
  5533 | D:6      | Found a stormy altar of Qazlal.
  5653 | D:6      | Found a shadowy altar of Dithmenos.
  5657 | D:6      | Found a white marble altar of Elyvilon.
  5658 | D:6      | Found a sacrificial altar of Ru.
  5660 | D:6      | Became a worshipper of Dithmenos the Shadowed
  5745 | D:6      | Noticed Eustachio
  5749 | D:6      | Killed Eustachio
  6105 | D:6      | Found a burning altar of Makhleb.
  6542 | D:7      | Found an opulent altar of Gozag.
  7072 | D:7      | Noticed Menkaure
  7082 | D:7      | Killed Menkaure
  7214 | D:7      | Reached skill level 5 in Fighting
  7508 | D:7      | Reached XP level 10. HP: 59/59 MP: 8/13
  8065 | D:8      | Found a flagged portal.
  8361 | D:8      | Reached * piety under Dithmenos
  8415 | Bailey   | Entered a bailey
  8593 | Bailey   | Found a runed translucent gate.
  8594 | Bailey   | Found a runed translucent gate.
  8595 | Bailey   | Found a runed translucent gate.
  8672 | Bailey   | Noticed an orc warlord
  8985 | Bailey   | Killed an orc warlord
  8986 | Bailey   | Reached skill level 10 in Short Blades
  9238 | D:8      | Reached ** piety under Dithmenos
  9448 | D:8      | Found a snail-covered altar of Cheibriados.
  9448 | D:8      | Noticed Joseph
  9453 | D:8      | Killed Joseph
  9513 | D:8      | Found an iron altar of Okawaru.
  9551 | D:9      | Acquired a +0 cloak of preservation
  9558 | D:9      | Acquired the ring of Typiukul {rF+ Str+4 Slay+4}
  9562 | D:9      | Acquired a +2 vampiric quick blade
  9577 | D:9      | Found Zumeth's Elemental Accessories.
  9681 | D:9      | Found a staircase to the Lair.
  9697 | D:9      | Noticed Psyche
  9711 | D:9      | Killed Psyche
  9712 | D:9      | Reached XP level 11. HP: 60/66 MP: 14/14
 10241 | D:9      | Reached skill level 10 in Stealth
 10241 | D:9      | Reached skill level 10 in Hexes
 10308 | D:9      | Noticed a two-headed ogre
 10312 | D:9      | Killed a two-headed ogre
 10491 | D:10     | Entered Level 10 of the Dungeon
 10492 | D:10     | Acquired the +1 buckler "Dimucli" {rPois rN+}
 10561 | D:10     | Noticed Grum
 10567 | D:10     | Killed Grum
 10638 | D:10     | Reached skill level 1 in Shields
 10879 | D:10     | Reached skill level 1 in Invocations
 10976 | D:10     | Noticed a two-headed ogre
 11040 | D:10     | Reached *** piety under Dithmenos
 11139 | D:10     | Killed a two-headed ogre
 11722 | D:11     | Found a transporter.
 11724 | D:11     | Found a transporter.
 11765 | D:11     | Reached XP level 12. HP: 73/73 MP: 15/15
 11940 | D:11     | Found a staircase to the Orcish Mines.
 12133 | D:11     | Found a transporter.
 12135 | D:11     | Found a transporter.
 12168 | D:11     | Noticed Snorg
 12174 | D:11     | Killed Snorg
 12280 | D:11     | Noticed Erica
 12291 | D:11     | Killed Erica
 12440 | D:11     | Reached **** piety under Dithmenos
 12786 | D:11     | Found a transporter.
 12790 | D:11     | Found a transporter.
 12903 | D:12     | Noticed a two-headed ogre
 12947 | D:12     | Noticed a tengu warrior
 13483 | D:12     | Identified the +2 robe "Nej Asuzot" {Str+3 Int-3 Dex+4
                  | Archmagi}
 13541 | D:12     | Found a transporter.
 13545 | D:12     | Noticed zeratav's ghost (journeyman DjCj)
 13557 | D:12     | Found a transporter.
 13709 | Lair:1   | Entered Level 1 of the Lair of Beasts
 13820 | Lair:1   | Reached skill level 10 in Dodging
 13820 | Lair:1   | Reached skill level 5 in Shields
 14086 | Lair:1   | Found a runed translucent door.
 14584 | Lair:2   | Noticed a catoblepas
 14637 | Lair:2   | HP: 3/76 [catoblepas (27)]
 14643 | Lair:2   | Killed a catoblepas
 14644 | Lair:2   | Reached skill level 5 in Invocations
 15049 | Lair:2   | Reached XP level 13. HP: 80/80 MP: 16/16
 15380 | Lair:2   | Found a staircase to the Swamp.
 15757 | Lair:3   | Found a gate leading to a gauntlet.
 15810 | Gauntlet | Entered a Gauntlet
 15810 | Gauntlet | Found a transporter.
 15824 | Gauntlet | Found a transporter.
 15826 | Gauntlet | Found a transporter.
 15848 | Gauntlet | Found a transporter.
 15857 | Gauntlet | Found a transporter.
 15865 | Gauntlet | Found a transporter.
 15877 | Gauntlet | Noticed a reaper
 15887 | Gauntlet | Found a transporter.
 15916 | Gauntlet | Found a transporter.
 15944 | Gauntlet | Found a transporter.
 15964 | Gauntlet | Found a transporter.
 15987 | Gauntlet | Noticed a blizzard demon
 15993 | Gauntlet | Found a transporter.
 16022 | Gauntlet | Found a transporter.
 16045 | Gauntlet | Found a transporter.
 16057 | Gauntlet | Found a transporter.
 16059 | Gauntlet | Found a transporter.
 16088 | Gauntlet | Found a transporter.
 16090 | Gauntlet | Found a transporter.
 16106 | Gauntlet | Found a transporter.
 16235 | Gauntlet | Identified the ring "Wuluatick" {rF+ rC+++ Int-3 Dex+3}
 16296 | Gauntlet | Identified the amulet "Kefuen" {Spirit rC- Str+5 Dex+3}
 16296 | Gauntlet | Noticed a minotaur
 16306 | Gauntlet | Killed a minotaur
 16312 | Gauntlet | Identified the +6 spear "Vable" {elec, *Slow Fly rF+}
 16383 | Lair:3   | Found a staircase to the Snake Pit.
 16439 | Lair:3   | Reached ***** piety under Dithmenos
 16963 | Lair:3   | Reached skill level 10 in Fighting
 17523 | Lair:4   | Noticed Kirke
 17546 | Lair:4   | Killed Kirke
 17595 | Lair:4   | Noticed Sonja
 17625 | Lair:4   | Reached XP level 14. HP: 45/88 MP: 19/19
 17665 | Lair:4   | Killed Sonja
 17797 | Lair:4   | Reached XP level 15. HP: 92/92 MP: 19/22
 17930 | Lair:4   | Found a staircase to the Slime Pits.
 17930 | Lair:4   | Found a viscous altar of Jiyva.
 17955 | Lair:4   | Noticed Nessos
 18004 | Lair:4   | Killed Nessos
 18284 | Lair:4   | Noticed a quicksilver ooze
 18289 | Lair:4   | Killed a quicksilver ooze
 18596 | Lair:5   | Entered Level 5 of the Lair of Beasts
 18632 | Lair:5   | Reached skill level 10 in Invocations
 18716 | Lair:5   | Reached skill level 15 in Stealth
 18875 | Lair:5   | Reached skill level 1 in Armour
 19175 | Lair:5   | Reached ****** piety under Dithmenos
 19790 | Lair:5   | Reached skill level 5 in Spellcasting
 19861 | Lair:5   | Reached XP level 16. HP: 99/99 MP: 23/23
 20969 | D:13     | Found a gate to the Vaults.
 22088 | D:14     | Got Sif Muna's Omnibus of the Jaunt and the Coward
 22375 | D:14     | Found a portal to a secret trove of treasure.
 22641 | D:15     | Entered Level 15 of the Dungeon
 22800 | D:15     | Found a staircase to the Depths.
 23609 | D:15     | Reached skill level 15 in Dodging
 23673 | D:15     | Mangled by a bunyip (shapeshifter)

Illustrated notes

Levels and vault maps discovered:
D:1:      heliophobic_arrival_dark_side_of_the_moon, layout_basic,
          minmay_tromino_v7
D:2:      layout_loops_ring, grunt_ministairs_4, uniq_sigmund
D:3:      layout_basic, minivault_24, kennysheep_generic_room_11, uniq_terence,
          uniq_robin
D:4:      layout_basic, lightli_temple_of_fire, tso_altar,
          minmay_temple_entry_hall, serial_shops, nicolae_square_shop,
          uniq_edmund
D:5:      layout_cave_pools, grunt_decor_junction
D:6:      layout_loops_ring, grunt_temple_overflow_forces_of_nature,
          mainiacjoe_overflow_alcove_4, grunt_temple_overflow_open,
          grunt_ministairs_12, uniq_eustachio
D:7:      layout_loops_corners, kennysheep_mini, serial_bayou,
          serial_bayou_pond_e, serial_bayou_ford_a, serial_bayou_pond_b,
          serial_bayou_pond_e, uniq_menkaure
D:8:      layout_loops_cross, mainiacjoe_overflow_catch_the_wave,
          enter_bailey_3, uniq_joseph
D:9:      layout_irregular_city, lair_entry_dummy, nicolae_elemental_shop,
          uniq_psyche
D:10:     kennysheep_ambush_hall, layout_gridville, nicolae_zen_rock_garden,
          uniq_grum
D:11:     kennysheep_seaside_town, layout_irregular_city, orc_0_dummy,
          grunt_ministairs_4, serial_nicolae_subway,
          nicolae_sub_station_crystal, nicolae_sub_station_stone,
          nicolae_sub_station_metal, uniq_erica, uniq_snorg
D:12:     layout_roguey, gammafunk_ghost_wrathful_warriors, minivault_10,
          minivault_12
D:13:     layout_stronghold, erik_vaults_1, minivault_28
D:14:     layout_cave_pools, nicolae_elevator_lobby_asterisk,
          nicolae_trove_entry_isolated
D:15:     grunt_enter_depths_snipers, layout_basic, roderic_three_in_a_row,
          grunt_potential
Temple:   hellmonk_temple_divided_pantheon
Lair:1:   gammafunk_indiana_jones, layout_chaotic_city, st_stairs_8,
          infiniplex_staircase_pool
Lair:2:   layout_regular_city, minmay_swamp_entry_worms,
          grunt_forest_stairs_basic, grunt_megastairs_1
Lair:3:   layout_layer_cave, guppyfry_snake_entry_island,
          gauntlet_entry_generic, wad_woods_03
Lair:4:   layout_loops_ring, slime_entry_1, nicolae_lair_time_for_slime,
          uniq_kirke, uniq_nessos, uniq_sonja
Lair:5:   hangedman_lair_caniforms_friends, layout_misc_corridors,
          guppyfry_lair_end_dragon, nicolae_lair_run_with_the_wolves,
          grunt_megastairs_2

Skill      XL: |  1  2  3  4  5  6  7  8  9 10 11 12 13 14 15 16 |
---------------+-------------------------------------------------+-----
Short Blades   | 2 4 5 7 9 10 | 10.0
Fighting       | 1 2 3 4 5 6 8 9 10 12 | 12.7
Dodging        | 3 4 5 6 7 9 10 11 13 15 | 15.0
Stealth        | 5 6 8 9 11 12 13 14 15 | 15.0
Hexes          | 4 5 6 7 9 10 11 12 | 12.5
Shields        | 3 5 7 9 |  9.2
Invocations    | 2 5 7 9 10 | 10.0
Armour         | 2 |  2.0
Spellcasting   | 5 |  5.0

Action                     |  1- 3 |  4- 6 |  7- 9 | 10-12 | 13-15 | 16-18 || total
---------------------------+-------+-------+-------+-------+-------+-------++-------
  Melee: Dagger            |   104 |    90 |   300 |   121 |       |       ||   615
         Punch             |       |     1 |     6 |     3 |       |       ||    10
         Rapier            |       |       |       |    51 |       |       ||    51
         Quick blade       |       |       |       |   631 |  1404 |   662 ||  2697
         Unarmed           |       |       |       |    17 |       |       ||    17
   Cast: Ensorcelled Hiber |     2 |    11 |    18 |    26 |       |     2 ||    59
         Confusing Touch   |       |       |     4 |     7 |       |       ||    11
  Evoke: Wand              |       |       |       |    10 |       |       ||    10
         Box of beasts     |       |       |       |       |     1 |       ||     1
    Use: Scroll            |       |       |     5 |    25 |     4 |     3 ||    37
         Potion            |       |       |       |     1 |     3 |     1 ||     5
   Stab: Sleeping          |    23 |    15 |    38 |    50 |    45 |    29 ||   200
         Distracted        |     1 |       |       |     2 |     9 |     5 ||    17
         Confused          |       |       |     2 |     3 |       |       ||     5
         Invisible         |       |       |       |     1 |     3 |       ||     4
 Armour: Robe              |    17 |     6 |       |       |       |       ||    23
         Animal skin       |       |    11 |       |       |       |       ||    11
         Leather armour    |       |     3 |    42 |    52 |   117 |    33 ||   247
  Dodge: Dodged            |    78 |    90 |   141 |   402 |   770 |   276 ||  1757
  Block: Buckler           |       |       |       |    77 |   396 |   122 ||   595

Table legend: (Time is in decaauts)
 A = Elapsed time spent in this place.
 B = Non-inter-level travel time spent in this place.
 C = Inter-level travel time spent in this place.
 D = Time resting spent in this place.
 E = Time spent auto-exploring this place.
 F = Levels seen in this place.
 G = Mean time per level.
                   A        B        C        D        E       F      G
               +--------+--------+--------+--------+--------+-----+--------+
         Total |  21747 |  21067 |    680 |    951 |  14992 |  23 |  945.5 |
       Dungeon |  15222 |  14735 |    487 |    840 |  10976 |  15 | 1014.8 |
        Temple |     90 |     76 |     14 |      0 |     10 |   1 |   90.0 |
          Lair |   5313 |   5135 |    178 |      0 |   3886 |   5 | 1062.6 |
        Bailey |    666 |    666 |      0 |    111 |    119 |   1 |  666.0 |
      Gauntlet |    453 |    453 |      0 |      0 |      0 |   1 |  453.0 |
               +--------+--------+--------+--------+--------+-----+--------+

Top non-repeatable levels by time:
     D:7: 1478 daAuts
  Lair:5: 1290 daAuts
  Lair:3: 1220 daAuts
    D:10: 1174 daAuts
    D:13: 1160 daAuts
  Lair:2: 1148 daAuts
     D:4: 1129 daAuts
     D:2: 1122 daAuts
    D:11: 1102 daAuts
     D:6: 1087 daAuts
     D:3: 1084 daAuts
     D:5: 993 daAuts
  Lair:4: 908 daAuts
    D:15: 901 daAuts
     D:1: 880 daAuts
